 Dungeon Crawl Stone Soup version 0.31-a0-180-g519b7de00c (webtiles) character file.

Game seed: 14209116252763902307

184 qw the Shooter (level 5, -9/49 HPs)
             Began as a Naga Hunter on June 19, 2023.
             Mangled by Duvessa
             ... wielding a +0 short sword
              (11 damage)
             ... on level 3 of the Dungeon.
             The game lasted 00:00:59 (2574 turns).

qw the Shooter (Naga Hunter)                        Turns: 2574, Time: 00:01:00

Health: -9/49      AC:  3    Str: 13    XL:     5   Next: 64%
Magic:  5/5        EV:  9    Int:  9    God:
Gold:   164        SH:  0    Dex: 17    Spells: 4/4 levels left

rFire   . . .        Y - +0 shortbow (flame)
rCold   . . .        (shield currently unavailable)
rNeg    + . .        c - +0 leather armour
rPois   +            (no helmet)
rElec   .            (no cloak)
rCorr   .            (no gloves)
SInv    +            (no barding)
Will    .....        d - amulet of the acrobat
Stlth   ++           g - ring of positive energy
HPRegen 0.28/turn    (no ring)
MPRegen 0.09/turn

%: acrobat
@: short of breath, very slow
A: AC +1, large, see invisible, deformed body, poison resistance, slowness 2,
spit poison 1, naga tail 1
a: Spit Poison


You were on level 3 of the Dungeon.
You visited 1 branch of the dungeon, and saw 4 of its levels.

You collected 164 gold pieces.


Innate Abilities, Weirdness & Mutations

Your serpentine skin is tough. (AC +1)
You have supernaturally acute eyesight. (SInv)
Armour fits poorly on your strangely shaped body.
Your system is resistant to poisons. (rPois)
You cover ground very slowly.
You can spit poison.
You have a snake-like lower body.


   Skills:
 - Level 3.0 Fighting
 + Level 5.7 Ranged Weapons
 - Level 1.5 Dodging
 - Level 1.5 Stealth


You had 4 spell levels left.
You didn't know any spells.
Your spell library was empty.

Inventory:

Hand Weapons
 Y - a +0 shortbow of flaming (weapon)
Armour
 c - a +0 leather armour (worn)
Jewellery
 d - an amulet of the acrobat (around neck)
 g - a ring of positive energy (left hand)
Potions
 b - a potion of curing
 e - a potion of cancellation {unknown}
 h - a potion of ambrosia {unknown}
 j - a potion of lignification {unknown}

Dungeon Overview and Level Annotations

Branches:
Dungeon (4/15)
 Temple: D:4-7

Altars:

Annotations:
D:3 Duvessa


Message History

Duvessa screams in rage.
Duvessa goes berserk!
Duvessa hits you with a +0 short sword! x2
You feel your dexterity returning.
2565 ||| DRINKING 2 potions of heal wounds.
You feel much better. Duvessa completely misses you.
You shoot an arrow.
The arrow hits Duvessa but does no damage.
Duvessa is lightly wounded.
Duvessa barely misses you. Duvessa hits you with a +0 short sword!
You shoot an arrow. The arrow hits Duvessa.
The arrow burns Duvessa.
Duvessa is moderately wounded.
Duvessa closely misses you. Duvessa hits you with a +0 short sword.
2568 ||| DRINKING potion of heal wounds.
You feel much better.
You have got your breath back.
Duvessa misses you.
2569 ||| INVOKING Spit Poison.
Aiming: Spit Poison (1% risk of failure)
Press: ? - help, Shift-Dir - straight line, f/p - Duvessa The splash of poison misses Duvessa.
Duvessa hits you with a +0 short sword! Duvessa hits you with a +0 short sword.
You shoot an arrow. The arrow closely misses Duvessa.
Duvessa hits you with a +0 short sword! x2
You shoot an arrow. The arrow hits Duvessa.
The arrow burns Duvessa.
Duvessa is moderately wounded.
Duvessa barely misses you.
You shoot an arrow. The arrow closely misses Duvessa.
You have got your breath back.
Duvessa barely misses you. x2
2573 ||| INVOKING Spit Poison.
Aiming: Spit Poison (1% risk of failure)
Press: ? - help, Shift-Dir - straight line, f/p - Duvessa The splash of poison misses Duvessa.
Duvessa misses you.
You shoot an arrow. The arrow hits Duvessa!
The arrow burns Duvessa.
Duvessa is severely wounded.
Duvessa hits you with a +0 short sword!
You die...

########.#.###.......##.#
#.....
.........#..)....#####..#
#..... #####.##.#########
#..## #..... # #.##.##
#.## ###### # #.....##
#.# # #......## ####.# #
#....#..## #....# #
#....##..#####.#### ##
#....###.(.e@)..# .#
#....# ########.# ##
#....# #.# #....# #.#
#.#### #.# ######### #.#
#.# #.......# #.# #.###
#.......# #.#
#.#.###.......# #.#
#.#...'........


You could see Duvessa (berserk).

Vanquished Creatures
  Dowan (D:3)
  5 adders
  A worm (D:2)
  4 dart slugs
  5 orcs (D:3)
  4 bats
  7 endoplasms
  4 giant cockroaches
  6 goblins
  8 hobgoblins
  5 quokkas
  5 ball pythons
  2 frilled lizards
  8 kobolds
  10 rats
75 creatures vanquished.

Notes
Turn   | Place    | Note
-------+----------+-------------------------------------------
     0 | D:1      | qw the Naga Hunter began the quest for the Orb.
     0 | D:1      | Reached XP level 1. HP: 19/19 MP: 1/1
     0 | D:1      | 0 ||| qw: Version: 0.3-a-7-ge0c9b40
     0 | D:1      | 0 ||| qw: Game counter: 1012
     0 | D:1      | 0 ||| qw: Always use a shield: true
     0 | D:1      | 0 ||| qw: God list: Okawaru
     0 | D:1      | 0 ||| qw: Allow faded altars: false
     0 | D:1      | 0 ||| qw: Do Orc after D:15 true
     0 | D:1      | 0 ||| qw: Do second Lair branch before Depths: true
     0 | D:1      | 0 ||| qw: Lair rune preference: random
     0 | D:1      | 0 ||| qw: Plans: Normal
     0 | D:1      | 0 ||| PLANNING D:1-11
     5 | D:1      | 5 ||| INVOKING Spit Poison.
    27 | D:1      | 27 ||| INVOKING Spit Poison.
    48 | D:1      | 48 ||| INVOKING Spit Poison.
    82 | D:1      | 82 ||| INVOKING Spit Poison.
   110 | D:1      | Reached skill level 4 in Ranged Weapons
   110 | D:1      | Reached XP level 2. HP: 26/26 MP: 2/2
   132 | D:1      | 132 ||| INVOKING Spit Poison.
   227 | D:1      | 227 ||| INVOKING Spit Poison.
   234 | D:1      | 234 ||| INVOKING Spit Poison.
   246 | D:1      | 246 ||| INVOKING Spit Poison.
   258 | D:1      | 258 ||| Stepping ~*~*~tactically~*~*~ (outnumbered).
   260 | D:1      | 260 ||| INVOKING Spit Poison.
   263 | D:1      | 263 ||| INVOKING Spit Poison.
   269 | D:1      | 269 ||| INVOKING Spit Poison.
   271 | D:1      | HP: 6/26 [kobold/+0 whip (2)]
   370 | D:1      | 370 ||| INVOKING Spit Poison.
   385 | D:1      | Reached XP level 3. HP: 32/32 MP: 3/3
   427 | D:1      | 427 ||| INVOKING Spit Poison.
   465 | D:1      | 465 ||| INVOKING Spit Poison.
   470 | D:1      | 470 ||| INVOKING Spit Poison.
   490 | D:1      | 490 ||| FLEEEEING.
   491 | D:1      | 491 ||| FLEEEEING.
   492 | D:1      | 492 ||| FLEEEEING.
   493 | D:1      | 493 ||| FLEEEEING.
   494 | D:1      | 494 ||| FLEEEEING.
   498 | D:1      | 498 ||| INVOKING Spit Poison.
   544 | D:1      | Found a faded altar of an unknown god.
   774 | D:1      | 774 ||| INVOKING Spit Poison.
   776 | D:1      | 776 ||| UPGRADING to ring of positive energy.
   777 | D:1      | 777 ||| DRINKING 2 yellow potions.
   778 | D:1      | 778 ||| DROPPING scroll of butterflies.
   779 | D:1      | 779 ||| DROPPING potion of degeneration.
   793 | D:2      | 793 ||| INVOKING Spit Poison.
   804 | D:2      | 804 ||| INVOKING Spit Poison.
   856 | D:2      | 856 ||| INVOKING Spit Poison.
   861 | D:2      | 861 ||| INVOKING Spit Poison.
   968 | D:2      | 968 ||| INVOKING Spit Poison.
   971 | D:2      | Reached skill level 5 in Ranged Weapons
   971 | D:2      | Reached XP level 4. HP: 39/39 MP: 4/4
  1037 | D:2      | 1037 ||| INVOKING Spit Poison.
  1041 | D:2      | 1041 ||| INVOKING Spit Poison.
  1055 | D:2      | 1055 ||| INVOKING Spit Poison.
  1059 | D:2      | 1059 ||| INVOKING Spit Poison.
  1062 | D:2      | 1062 ||| INVOKING Spit Poison.
  1141 | D:2      | 1141 ||| INVOKING Spit Poison.
  1145 | D:2      | 1145 ||| INVOKING Spit Poison.
  1163 | D:2      | 1163 ||| INVOKING Spit Poison.
  1236 | D:2      | 1236 ||| INVOKING Spit Poison.
  1256 | D:2      | 1256 ||| INVOKING Spit Poison.
  1265 | D:2      | 1265 ||| INVOKING Spit Poison.
  1402 | D:2      | 1402 ||| INVOKING Spit Poison.
  1474 | D:2      | 1474 ||| INVOKING Spit Poison.
  1477 | D:2      | 1477 ||| INVOKING Spit Poison.
  1680 | D:2      | 1680 ||| INVOKING Spit Poison.
  1747 | D:2      | 1747 ||| INVOKING Spit Poison.
  1750 | D:2      | 1750 ||| READING scroll labelled ROFALI JOUCEFFIM.
  1753 | D:2      | 1753 ||| READING scroll labelled NEDAKU PUAWIYTZA.
  1754 | D:2      | 1754 ||| DRINKING 2 white potions.
  1792 | D:3      | You fall into a shaft and drop 1 floor!
  1871 | D:3      | 1871 ||| INVOKING Spit Poison.
  1890 | D:3      | 1890 ||| INVOKING Spit Poison.
  1919 | D:3      | 1919 ||| INVOKING Spit Poison.
  1924 | D:3      | Reached skill level 3 in Fighting
  1924 | D:3      | 1924 ||| INVOKING Spit Poison.
  2030 | D:3      | 2030 ||| INVOKING Spit Poison.
  2145 | D:3      | 2145 ||| INVOKING Spit Poison.
  2229 | D:3      | 2229 ||| INVOKING Spit Poison.
  2254 | D:3      | 2254 ||| INVOKING Spit Poison.
  2255 | D:3      | Reached XP level 5. HP: 49/49 MP: 5/5
  2278 | D:3      | 2278 ||| INVOKING Spit Poison.
  2279 | D:3      | 2279 ||| INVOKING Spit Poison.
  2282 | D:3      | 2282 ||| INVOKING Spit Poison.
  2292 | D:3      | 2292 ||| INVOKING Spit Poison.
  2298 | D:3      | 2298 ||| INVOKING Spit Poison.
  2349 | D:3      | 2349 ||| INVOKING Spit Poison.
  2353 | D:3      | 2353 ||| INVOKING Spit Poison.
  2378 | D:3      | 2378 ||| INVOKING Spit Poison.
  2438 | D:3      | 2438 ||| UPGRADING to amulet of the acrobat.
  2443 | D:3      | 2443 ||| READING 2 scrolls labelled POGGEA PEITHO.
  2444 | D:3      | 2444 ||| READING scroll of brand weapon.
  2444 | D:3      | 2444 ||| BRANDING +0 shortbow of draining.
  2445 | D:3      | 2445 ||| DRINKING 2 orange potions.
  2465 | D:4      | Noticed Dowan
  2465 | D:4      | Noticed Duvessa
  2466 | D:4      | 2466 ||| INVOKING Spit Poison.
  2471 | D:4      | 2471 ||| STAIRDANCE
  2509 | D:4      | 2509 ||| INVOKING Spit Poison.
  2511 | D:4      | 2511 ||| STAIRDANCE
  2560 | D:4      | 2560 ||| STAIRDANCE
  2562 | D:3      | 2562 ||| INVOKING Spit Poison.
  2564 | D:3      | Killed Dowan
  2564 | D:3      | HP: 7/49 [Duvessa/+0 short sword (8)]
  2565 | D:3      | 2565 ||| DRINKING 2 potions of heal wounds.
  2568 | D:3      | 2568 ||| DRINKING potion of heal wounds.
  2569 | D:3      | 2569 ||| INVOKING Spit Poison.
  2570 | D:3      | HP: 8/49 [Duvessa/+0 short sword (10)]
  2570 | D:3      | HP: 1/49 [Duvessa/+0 short sword (7)]
  2573 | D:3      | 2573 ||| INVOKING Spit Poison.
  2574 | D:3      | Mangled by Duvessa

Levels and vault maps discovered:
D:1:      minmay_arrival_arboretum_small, layout_loops_ring,
          dreamdust_ecumenical_altar_angels_and_demons, minmay_misc_feat_five,
          amethyst_killhole, minmay_misc_feat_four_crosses, minivault_19
D:2:      layout_basic, minmay_tromino_mix6
D:3:      layout_basic
D:4:      layout_gridville, uniq_duvessa, uniq_pikel

Skill      XL: |  1  2  3  4 |
---------------+-------------+-----
Ranged Weapons | 4 5 |  5.7
Fighting       | 3 |  3.0
Dodging        | |  1.5
Stealth        | |  1.5

Action                     |  1- 3 |  4- 6 || total
---------------------------+-------+-------++-------
   Fire: Shortbow          |    60 |    85 ||   145
Ability: Spit Poison       |    22 |    36 ||    58
    Use: Potion            |     1 |     4 ||     5
         Scroll            |       |     4 ||     4
 Armour: Leather armour    |     3 |    10 ||    13
  Dodge: Dodged            |    17 |    21 ||    38

Table legend:
 A = Non-vault XP
 B = Vault XP
 C = Vault XP percentage of total XP
 D = Non-vault monster count
 E = Vault monster count
 F = Vault count percentage of total count
                 A         B        C        D         E       F
            +---------+---------+-------+---------+---------+-------
      Total |     182 |      82 |  31.1 |      71 |       4 |   5.3
            +---------+---------+-------+---------+---------+-------
        D:1 |      54 |       0 |   0.0 |      29 |       0 |   0.0
        D:2 |      63 |      16 |  20.3 |      22 |       3 |  12.0
        D:3 |      63 |      66 |  51.2 |      19 |       1 |   5.0
        D:4 |       2 |       0 |   0.0 |       1 |       0 |   0.0
            +---------+---------+-------+---------+---------+-------
